 Dungeon Crawl Stone Soup version 0.16-a0-327-gbff0e38 (webtiles) character file.

118 PolkaDot the Caller (level 4, -2/30 HPs)
             Began as a Vampire Summoner on Sept 5, 2014.
             Slain by Ijyb
             ... wielding a +4 dagger of electrocution
              (12 damage)
             ... on Level 3 of the Dungeon.
             The game lasted 00:05:09 (1907 turns).

PolkaDot the Caller (Vampire Summoner)              Turns: 1907, Time: 00:05:10

HP  -2/30        AC  2     Str  7      XL: 4   Next: 72%
MP   2/7         EV 12     Int 18      God:
Gold 88          SH  0     Dex 14      Spells:  3 memorised,  1 level left

rFire  . . .     SeeInvis +     i - +2 dagger (elec)
rCold  . . .     Clarity  .     a - +0 robe
rNeg   . . .     rCorr    .     (no shield)
rPois  .         rRot     .     (no helmet)
rElec  .         Spirit   .     (no cloak)
SustAb .         Warding  .     (no gloves)
rMut   .         Stasis   .     (no boots)
Gourm  .                        (no amulet)
MR     .....                    (no ring)
                                (no ring)

@: regenerating quickly, not resistant to hostile enchantments, unstealthy
A: fangs 3, see invisible, unbreathing
a: no special abilities


You were on level 3 of the Dungeon.
You were very full.

You visited 1 branch of the dungeon, and saw 3 of its levels.

You collected 88 gold pieces.

Inventory:

Hand weapons
 i - a +2 dagger of electrocution (weapon)
Armour
 a - a +0 robe (worn)
Scrolls
 f - 2 scrolls of remove curse {unknown}
 g - a scroll of fog {unknown}
 j - 3 scrolls of identify {unknown}
 l - 2 scrolls of teleportation {unknown}
 m - a scroll of noise {unknown}
 o - a scroll of immolation {unknown}
Potions
 c - a potion of restore abilities {unknown}
 d - a potion of invisibility {unknown}
 e - a potion of heal wounds {unknown}
 h - a potion of might {unknown}
 k - 2 potions of agility
 n - a potion of cure mutation {unknown}
 p - a potion of flight {unknown}
Books
 b - a book of Callings

   Spells                             Type                      Level
   *Summon Small Mammal               Summoning                    1
   *Call Imp                          Summoning                    2
   *Call Canine Familiar              Summoning                    3
   Summon Guardian Golem              Hexes/Summoning              4
   Summon Lightning Spire             Summoning/Air                4
   Summon Ice Beast                   Ice/Summoning                4


   Skills:
 - Level 2.1 Dodging
 - Level 3.0 Stealth
 - Level 2.0 Spellcasting
 * Level 6.1 Summonings


You had one spell level left.
You knew the following spells:

 Your Spells              Type           Power        Failure   Level  Hunger
a - Summon Small Mammal   Summ           ###.         1%          1    #......
d - Call Canine Familiar  Summ           ###.....     4%          3    ####...
s - Call Imp              Summ           ###.....     1%          2    ##.....


Dungeon Overview and Level Annotations

Branches:
Dungeon (3/15)

Altars:

Annotations:
D:3 Ijyb, Natasha


Innate Abilities, Weirdness & Mutations

Your natural rate of healing is unusually fast.
You have razor-sharp teeth.
You have supernaturally acute eyesight.
You can survive without breathing.


Message History

Your hound disappears in a puff of smoke!
HP restored.
p - a gluggy silvery potion
There is a stone staircase leading up here.
Ijyb the Twisted Goblin comes into view.
He is wielding a glowing dagger.
Ijyb hits you with a glowing dagger!
Natasha, Servant of Life and Death comes into view.
Casting: Call Canine Familiar
Confirm with . or Enter, or press ? or * to list all spells.
Natasha drinks a potion.
Natasha suddenly seems more agile.
Ijyb hits you with a glowing dagger.
You are electrocuted!
* * * LOW HITPOINT WARNING * * *
Casting: Call Canine Familiar
Confirm with . or Enter, or press ? or * to list all spells.
A metallic apparition takes form in the air.
* * * LOW MAGIC WARNING * * *
Ijyb hits you with a dagger of electrocution.
* * * LOW HITPOINT WARNING * * *
You are electrocuted!
You die...

### .. .... #..######
### ...>.?..# #
........g#### #
#h....@5..###### #
#.....h##.##...# ##
##.....#..##.#.#### #.
#.###............####.
#.....##########......
.##### #######


You could see Ijyb, Natasha, a friendly hound and a friendly iron imp.

Vanquished Creatures
  Natasha (D:3)
  3 adders
  A gnoll (D:2)
  3 bats (D:1)
  2 giant cockroaches
  5 goblins
  2 hobgoblins (D:1)
  4 jackals (D:3)
  3 kobolds
  2 quokkas (D:2)
  A ball python (D:1)
  3 giant newts (D:1)
  4 rats
34 creatures vanquished.

Vanquished Creatures (collateral kills)
  2 gnolls (D:2)
  An adder (D:2)
  A bat (D:1)
  2 hobgoblins
  A goblin (D:2)
  A kobold (D:2)
8 creatures vanquished.

Grand Total: 42 creatures vanquished

Notes
Turn   | Place    | Note
--------------------------------------------------------------
     0 | D:1      | PolkaDot, the Vampire Summoner, began the quest for the Orb.
     0 | D:1      | Reached XP level 1. HP: 13/13 MP: 3/3
   466 | D:1      | Reached XP level 2. HP: 19/19 MP: 4/4
   978 | D:1      | Learned a level 2 spell: Call Imp
  1188 | D:2      | Reached skill level 5 in Summonings
  1188 | D:2      | Reached XP level 3. HP: 12/24 MP: 0/6
  1255 | D:2      | Learned a level 3 spell: Call Canine Familiar
  1438 | D:2      | Reached XP level 4. HP: 23/30 MP: 4/7
  1811 | D:3      | Noticed Natasha
  1817 | D:3      | Killed Natasha
  1817 | D:3      | Reached skill level 6 in Summonings
  1904 | D:3      | Noticed Ijyb
  1906 | D:3      | Noticed Natasha
  1907 | D:3      | Slain by Ijyb

Action                   |  1- 3 |  4- 6 || total
-------------------------+-------+-------++-------
Melee: Unarmed           |    15 |       ||    15
       Dagger            |    62 |    30 ||    92
 Cast: Summon Small Mamm |     6 |       ||     6
       Call Imp          |     4 |     1 ||     5
       Call Canine Famil |     1 |     3 ||     4
  Use: Potion            |     1 |       ||     1
 Stab: Sleeping          |     1 |       ||     1
  Eat: Corpse            |    11 |     2 ||    13
